 Dungeon Crawl Stone Soup version 0.19.1-1-g22dce08 (webtiles) character file.

100 esteth the Insei (level 4, -2/32 HPs)
             Began as a Merfolk Transmuter on Jan 15, 2017.
             Slain by an orc
             ... wielding a +0 morningstar
              (9 damage)
             ... on level 3 of the Dungeon.
             The game lasted 00:06:58 (3067 turns).

esteth the Insei (Merfolk Transmuter)               Turns: 3067, Time: 00:06:58

Health: -2/32      AC:  4    Str: 11    XL:     4   Next: 73%
Magic:  7/7        EV: 12    Int: 17    God:
Gold:   97         SH:  0    Dex: 14    Spells: 3 memorised, 1 level left

rFire  . . .     SeeInvis .       - Unarmed
rCold  . . .     Gourm    .     j - +0 leather armour
rNeg   . . .     Faith    .     (no shield)
rPois  .         Spirit   .     (no helmet)
rElec  .         Reflect  .     (no cloak)
rCorr  .         Harm     .     l - +0 pair of gloves
MR     .....                    (no boots)
Stlth  +.........               (no amulet)
                                (no ring)
                                (no ring)

@: brilliant
A: change form in water, swift swim, stealthy swim
a: no special abilities


You were on level 3 of the Dungeon.
You were not hungry.

You visited 1 branch of the dungeon, and saw 3 of its levels.

You collected 97 gold pieces.

Inventory:

Missiles
 a - 6 arrows
Armour
 b - a +0 robe
 j - a +0 leather armour (worn)
 l - a +0 pair of gloves (worn)
 o - a +0 scale mail
 r - a +0 buckler
Jewellery
 k - an uncursed ring of protection from magic {unknown}
Scrolls
 e - 2 scrolls of identify {unknown}
 g - a scroll of enchant weapon {unknown}
 n - a scroll of immolation {unknown}
 q - a scroll of fear {unknown}
Books
 c - a book of Changes

   Spells                             Type                      Level
   a - Beastly Appendage              Transmutation                1
   b - Sticks to Snakes               Transmutation                2
   c - Spider Form                    Transmutation/Poison         3
   d - Ice Form                       Ice/Transmutation            4
   e - Blade Hands                    Transmutation                5
Comestibles
 d - 2 bread rations
 f - a meat ration
 i - 5 slices of pizza


   Skills:
 - Level 1.1 Fighting
 - Level 2.6 Dodging
 - Level 5.2 Unarmed Combat
 - Level 2.0 Spellcasting
 + Level 4.0 Transmutations


You had one spell level left.
You knew the following spells:

 Your Spells              Type           Power        Failure   Level  Hunger
a - Beastly Appendage     Tmut           ####..       1%          1    #......
b - Sticks to Snakes      Tmut           ####....     1%          2    ###....
c - Spider Form           Tmut/Pois      ###.......   4%          3    ###....


Dungeon Overview and Level Annotations

Branches:
Dungeon (3/15)

Altars:
Kikubaaqudgha
Ru


Message History

Beogh smites you!
* * * LOW HITPOINT WARNING * * *
Okay, then.
It was a potion of brilliance.
You feel clever all of a sudden. The giant cockroach closely misses you.
The orc closely misses you.
It was a potion of magic.
Magic courses through your body. The giant cockroach barely misses you.
The orc hits you but does no damage.
The giant cockroach bites you but does no damage.
It was a potion of curing.
You feel better. The orc misses you. The giant cockroach barely misses you.
The orc priest hits you with a club.
* * * LOW HITPOINT WARNING * * *
You hit the giant cockroach but do no damage.
The giant cockroach misses you. The orc completely misses you.
You completely miss the giant cockroach.
The orc priest barely misses you. The giant cockroach closely misses you.
You hit the giant cockroach.
The giant cockroach is heavily wounded.
The orc hits you with a morningstar!
You die...

....#.#..##..... ....
....#.#..##....##...
##..#.#..##.....#o.# #
##.......##.#...#..#.###
....#.#.###.#....o......
........# #.##.....#
....#..## #.##..####
###.#..####.##.s###
...............o@.#
###....####.##.o###
.###...# #.##..#
.......# #.......
.#.....# ...#..###
.#.##..# ....#..#
.#.##..# ....#..#
.......# ##+##..#
......##


You could see an orc priest, an orc and a giant cockroach.

Vanquished Creatures
  2 adders
  2 oozes (D:3)
  A worm (D:2)
  2 dart slugs (D:1)
  A leopard gecko (D:1)
  3 orcs
  3 bats (D:1)
  2 giant cockroaches (D:1)
  6 goblins
  6 hobgoblins
  6 jackals
  A quokka (D:2)
  8 kobolds
  8 rats
51 creatures vanquished.

Vanquished Creatures (collateral kills)
  A worm (D:3)
  2 orcs
  A goblin (D:2)
  A hobgoblin (D:2)
  2 rats (D:2)
7 creatures vanquished.

Grand Total: 58 creatures vanquished

Notes
Turn   | Place    | Note
-------+----------+-------------------------------------------
     0 | D:1      | esteth the Merfolk Transmuter began the quest for the Orb.
     0 | D:1      | Reached XP level 1. HP: 15/15 MP: 3/3
   265 | D:1      | Reached XP level 2. HP: 12/21 MP: 5/5
   499 | D:1      | Reached skill level 4 in Unarmed Combat
   577 | D:1      | Found an ancient bone altar of Kikubaaqudgha.
  1036 | D:1      | Reached XP level 3. HP: 25/26 MP: 6/6
  1203 | D:2      | Found a sacrificial altar of Ru.
  1544 | D:2      | Reached skill level 5 in Unarmed Combat
  2321 | D:2      | Reached XP level 4. HP: 31/32 MP: 7/7
  2467 | D:2      | Learned a level 2 spell: Sticks to Snakes
  2471 | D:2      | Learned a level 3 spell: Spider Form
  3061 | D:3      | HP: 1/32 [orc priest/divine providence (13)]
  3067 | D:3      | Slain by an orc

Skill      XL: |  1  2  3  4 |
---------------+-------------+-----
Unarmed Combat | 4 5 |  5.2
Transmutations | 4 |  4.0
Fighting       | |  1.1
Dodging        | |  2.6
Spellcasting   | |  2.0

Action                   |  1- 3 |  4- 6 || total
-------------------------+-------+-------++-------
Melee: Unarmed           |   140 |    65 ||   205
       Punch             |     2 |     1 ||     3
 Cast: Sticks to Snakes  |       |     6 ||     6
  Use: Potion            |       |     3 ||     3
  Eat: Chunk             |     4 |     3 ||     7
Armor: Robe              |     5 |       ||     5
       Leather armour    |     7 |    18 ||    25
       Scale mail        |     9 |     1 ||    10
Dodge: Dodged            |    77 |    50 ||   127
